 Dungeon Crawl Stone Soup version 0.32-a0-18-g89e19f1974 (webtiles) character file.

Game seed: 8898987206929947626

74 alsoq the Cudgeller (level 4, -6/41 HPs)
             Began as a Minotaur Berserker on Jan 17, 2024.
             Was a Believer of Trog.
             Mangled by an ogre
             ... wielding a +0 giant spiked club
              (16 damage)
             ... on level 3 of the Dungeon.
             The game lasted 00:15:38 (2598 turns).

alsoq the Cudgeller (Minotaur Berserker)            Turns: 2598, Time: 00:15:41

Health: -6/41      AC:  2    Str: 20 (23) XL:     4   Next: 9%
Magic:  3/3        EV: 12    Int:  1 (4)  God:    Trog [**....]
Gold:   85         SH:  0    Dex:  9 (10) Spells: 3/3 levels left

rFire   . . .        a - +0 mace
rCold   . . .        (no shield)
rNeg    . . .        b - +0 animal skin
rPois   .            (helmet restricted)
rElec   .            (no cloak)
rCorr   .            (no gloves)
SInv    .            (no boots)
Will    .....        (no amulet)
Stlth   +            (no ring)
HPRegen 0.26/turn    (no ring)
MPRegen 0.08/turn

%: no passive effects
@: no status effects
A: horns 2, retaliatory headbutt
a: Renounce Religion, Berserk, Trog's Hand


You were on level 3 of the Dungeon.
You worshipped Trog.
Trog was pleased with you.
You visited 1 branch of the dungeon, and saw 3 of its levels.

You collected 85 gold pieces.

Inventory:

Hand Weapons
 a - a +0 mace (weapon)
Armour
 b - a +0 animal skin (worn)
 e - a +0 barding
Jewellery
 g - a ring of willpower
Talismans
 d - a beast talisman
 f - a dragon-blood talisman
 j - a beast talisman
Potions
 h - a potion of brilliance
 i - a potion of degeneration


   Skills:
 + Level 4.3 Fighting
 + Level 4.3 Maces & Flails
 + Level 3.4 Armour
 + Level 3.0 Dodging


You had 3 spell levels left.
You didn't know any spells.
Your spell library contained the following spells:

 Spells                   Type           Power      Damage    Failure   Level
 Ignite Poison            Fire/Alch      0%         N/A       100%        4
 Sticky Flame             Fire/Alch      0%         2d4       100%        4
 Ignition                 Fire           0%         3d3       100%        8


Dungeon Overview and Level Annotations

Branches:
Dungeon (3/15)

Altars:


Innate Abilities, Weirdness & Mutations

You have a pair of horns on your head.
You reflexively headbutt those who attack you in melee.


Message History

The jackal misses you. You furiously retaliate!
You headbutt the jackal.
You kill the jackal!
Trog accepts your kill. The jackal bites you. The jackal closely misses you.
You furiously retaliate!
You headbutt the jackal!
You kill the jackal!
Trog accepts your kill. The ogre barely misses you. You furiously retaliate!
You headbutt the ogre! The jackal bites you.
You closely miss the ogre.
You headbutt the ogre, but do no damage.
The ogre is heavily wounded.
The jackal barely misses you.
The ogre hits you with a +0 giant spiked club!!
* * * LOW HITPOINT WARNING * * *
Unknown command.
Okay, then.
Blink to where?
Press: ? - help, Dir - move target
As you read the scroll of blinking, it crumbles to dust.
The jackal bites you.
* * * LOW HITPOINT WARNING * * *
You closely miss the jackal. The jackal closely misses you.
The jackal barely misses you.
You hit the jackal.
You kill the jackal!
Trog accepts your kill.
You barely miss the ogre.
The ogre is heavily wounded.
The ogre closely misses you.
You barely miss the ogre.
The ogre is heavily wounded.
The ogre barely misses you. You furiously retaliate!
You headbutt the ogre. You sock the ogre!
The ogre is almost dead.
The rat misses you. You furiously retaliate!
You headbutt the rat!
You kill the rat!
Trog accepts your kill.
The ogre hits you with a +0 giant spiked club!
You die...

#...§†.....#
#..........#
#..........#
#..........# ...
#..........# ...
#..........######'#
####..............#
#...O†.........# #####
#....@.........# #....
#..............###.#..
#............).......#
#............†......#.
#############......#..
#.............#
#.....#.##...#.
#.....#.##..#..
#.....#.##....#


You could see an ogre.

Vanquished Creatures
  An adder (D:3)
  A dart slug (D:2)
  6 bats
  7 endoplasms
  6 goblins
  4 hobgoblins
  8 jackals
  8 kobolds
  2 quokkas
  3 ball pythons
  2 frilled lizards
  8 rats
56 creatures vanquished.

Notes
Turn   | Place    | Note
-------+----------+-------------------------------------------
     0 | D:1      | alsoq the Minotaur Berserker began the quest for the Orb.
     0 | D:1      | Reached XP level 1. HP: 19/19 MP: 0/0
   153 | D:1      | Reached XP level 2. HP: 27/27 MP: 1/1
  1647 | D:2      | Reached XP level 3. HP: 32/32 MP: 2/2
  1742 | D:2      | Reached ** piety under Trog
  2555 | D:3      | Reached XP level 4. HP: 40/40 MP: 3/3
  2579 | D:3      | Noticed an ogre
  2598 | D:3      | Mangled by an ogre

Illustrated notes

Levels and vault maps discovered:
D:1:      minmay_arrival_three_doors, layout_loops_ring, serial_forest,
          infiniplex_forest_clump_tiny, infiniplex_forest_clump_medium,
          infiniplex_forest_clump_large, infiniplex_forest_end_double,
          infiniplex_forest_lined_2, infiniplex_forest_fountain,
          infiniplex_forest_lined_4_way, nicolae_kite_square_tiling_tiny,
          minmay_misc_feat_more_columns, dreamdust_mushroom_princess,
          corexii_leaking_fountain, fountainhead
D:2:      layout_rooms
D:3:      layout_basic, minmay_misc_feat_diagonals, grunt_decor_clamped

Skill      XL: |  1  2  3 |
---------------+----------+-----
Fighting       | 4 |  4.3
Maces & Flails | 4 |  4.3
Armour         | 3 |  3.4
Dodging        | 3 |  3.0

Action                     |  1- 3 |  4- 6 || total
---------------------------+-------+-------++-------
  Melee: Mace              |   658 |    12 ||   670
         Headbutt          |   223 |     2 ||   225
         Punch             |    10 |       ||    10
    Use: Potion            |     4 |       ||     4
         Scroll            |     3 |     1 ||     4
 Armour: Animal skin       |    62 |    14 ||    76
  Dodge: Dodged            |    85 |    22 ||   107

Table legend: (Time is in decaauts)
 A = Elapsed time spent in this place.
 B = Non-inter-level travel time spent in this place.
 C = Inter-level travel time spent in this place.
 D = Time resting spent in this place.
 E = Time spent auto-exploring this place.
 F = Levels seen in this place.
 G = Mean time per level.
                   A        B        C        D        E       F      G
               +--------+--------+--------+--------+--------+-----+--------+
         Total |   2734 |   2734 |      0 |      0 |      0 |   3 |  911.3 |
       Dungeon |   2734 |   2734 |      0 |      0 |      0 |   3 |  911.3 |
               +--------+--------+--------+--------+--------+-----+--------+

Top non-repeatable levels by time:
     D:1: 1734 daAuts
     D:2: 656 daAuts
     D:3: 343 daAuts
